 Dungeon Crawl Stone Soup version 0.29.1-15-g9cfb28693d (webtiles) character file.

Game seed: 4985571150622815919

117 hawla the Firebug (level 4, -1/24 HPs)
             Began as a Deep Elf Fire Elementalist on Apr 11, 2023.
             Slain by a gnoll
             ... wielding a +0 flail
              (12 damage)
             ... on level 3 of the Dungeon.
             The game lasted 00:06:25 (2768 turns).

hawla the Firebug (Deep Elf Fire Elementalist)      Turns: 2768, Time: 00:06:26

Health: -1/24      AC:  4    Str:  5    XL:     4   Next: 71%
Magic:  12/12      EV: 13    Int: 22    God:
Gold:   114        SH:  0    Dex: 15    Spells: 8/11 levels left

rFire   . . .      SeeInvis .   b - +1 trident (distort)
rCold   . . .      Faith    .   (no shield)
rNeg    . . .      Spirit   .   a - +0 robe
rPois   .          Reflect  .   (no helmet)
rElec   .          Harm     .   (no cloak)
rCorr   .          Rampage  .   (no gloves)
Will    .....      Clarity  +   (no boots)
Stlth   +.........              (no amulet)
HPRegen 0.08/turn               (no ring)
MPRegen 0.13/turn               (no ring)

@: confused, ambrosia-drunk
A: iridescent scales 1, clarity, evolution 1, MP-powered wands
a: no special abilities


You were on level 3 of the Dungeon.
You visited 1 branch of the dungeon, and saw 3 of its levels.

You collected 254 gold pieces.
You spent 140 gold pieces at shops.

Inventory:

Hand Weapons
 b - a +1 trident of distortion (weapon)
Armour
 a - a +0 robe (worn)
Scrolls
 c - a scroll of teleportation {unknown}
 e - a scroll of amnesia {unknown}
 f - a scroll of identify
 g - a scroll of brand weapon {unknown}
Potions
 d - 2 potions of curing
 h - 2 potions of attraction
 j - a potion of berserk rage
 k - a potion of cancellation {unknown}


   Skills:
 + Level 2.8 Dodging
 + Level 3.0 Stealth
 + Level 4.4 Spellcasting
 + Level 1.8 Conjurations
 + Level 4.7 Fire Magic


You had 8 spell levels left.
You knew the following spells:

 Your Spells              Type           Power      Damage    Failure   Level
a - Foxfire               Conj/Fire      76%        2x1d7     2%          1
b - Scorch                Fire           50%        2d7       2%          2

Your spell library contained the following spells:

 Spells                   Type           Power      Damage    Failure   Level
 Conjure Flame            Conj/Fire      19%        6-21      9%          3
 Apportation              Tloc           8%         N/A       11%         1
 Necrotise                Necr           16%        1d4       11%         1
 Summon Small Mammal      Summ           16%        N/A       11%         1
 Inner Flame              Hex/Fire       15%        N/A       12%         3
 Flame Wave               Conj/Fire      19%        2d7       28%         4
 Ozocubu's Armour         Ice            4%         N/A       32%         3
 Metabolic Englaciation   Hex/Ice        2%         N/A       96%         5
 Simulacrum               Ice/Necr       2%         N/A       100%        6


Dungeon Overview and Level Annotations

Branches:
Dungeon (3/15)

Altars:

Shops:
D:1 !


Innate Abilities, Weirdness & Mutations

You are partially covered in iridescent scales. (AC +2)
You possess an exceptional clarity of mind.
You have hidden genetic potential.
You expend magic power (3 MP) to strengthen your wands.


Message History

The gnoll hits you with a +0 club. The gnoll barely misses you.
The gnoll hits you from afar with a +0 spear.
A rat comes into view.
The gnoll hits you with a +0 club.
You closely miss the gnoll.
The gnoll is heavily wounded.
The gnoll hits you with a +0 flail. The gnoll hits you with a +0 club.
* * * LOW HITPOINT WARNING * * *
The gnoll hits you from afar with a +0 spear.
* * * LOW HITPOINT WARNING * * *
You are too injured to fight recklessly!
Unknown command.
You are confused.
You feel invigorated. The gnoll closely misses you. x3
You miss the gnoll.
The gnoll is heavily wounded.
The gnoll completely misses you. The gnoll barely misses you.
The gnoll hits you from afar with a +0 spear.
The goblin hits you but does no damage.
You hit the gnoll.
The gnoll is severely wounded.
The gnoll blinks!
A bat comes into view.
The gnoll hits you with a +0 flail! The gnoll barely misses you.
The goblin misses you. The goblin attacks as you move away!
The goblin hits you but does no damage. The gnoll barely misses you.
The gnoll hits you with a +0 spear.
The rat twitches its whiskers.
You hit the gnoll.
Space warps around the gnoll.
The gnoll is heavily wounded.
The gnoll misses you. The gnoll barely misses you.
The goblin closely misses you. The gnoll barely misses you. x3
The goblin hits you with a +0 club.
You hit the gnoll.
The gnoll is lightly wounded.
The gnoll closely misses you. The gnoll hits you with a +0 spear.
The rat bites you but does no damage. The goblin hits you with a +0 club.
The gnoll hits you with a +0 flail!
Ouch! That really hurt!
You die...

#........#
#........#
#####........#
#............#
#####†.............
#................##.
#.#.......########
#.#r#######
#..g@g..#
b.....gg...#
...######...# .. #.
...# ## ).## . ..# .
###


You could see 3 gnolls, a goblin, a bat and a rat.

Vanquished Creatures
  An orc priest (D:3)
  An orc wizard (D:3)
  2 adders
  A worm (D:2)
  A dart slug (D:3)
  An orc (D:3)
  2 endoplasms
  4 goblins
  7 hobgoblins
  2 jackals (D:2)
  2 quokkas (D:1)
  4 ball pythons
  2 bats
  3 frilled lizards
  4 kobolds
  7 rats
44 creatures vanquished.

Vanquished Creatures (others)
  106 foxfires
  3 fungi (D:1)
  4 toadstools (D:1)
113 creatures vanquished.

Grand Total: 157 creatures vanquished

Notes
Turn   | Place    | Note
-------+----------+-------------------------------------------
     0 | D:1      | hawla the Deep Elf Fire Elementalist began the quest for
                  | the Orb.
     0 | D:1      | Reached XP level 1. HP: 10/10 MP: 6/6
   587 | D:1      | Found Adiw's Distillery.
   590 | D:1      | Bought a potion of degeneration for 10 gold pieces
   663 | D:1      | Reached XP level 2. HP: 15/15 MP: 6/8
   703 | D:1      | Learned a level 2 spell: Scorch
  1098 | D:1      | Bought a potion of ambrosia for 80 gold pieces
  1098 | D:1      | Bought a potion of berserk rage for 50 gold pieces
  1594 | D:2      | Gained mutation: You have sharp toenails. [potion of
                  | mutation]
  1594 | D:2      | Gained mutation: You are dopey. (Int -2) [potion of
                  | mutation]
  1594 | D:2      | Gained mutation: Your system is resistant to poisons.
                  | (rPois) [potion of mutation]
  1602 | D:2      | Reached XP level 3. HP: 19/19 MP: 2/9
  1749 | D:2      | Lost mutation: Your system is resistant to poisons. (rPois)
                  | [potion of mutation]
  1749 | D:2      | Lost mutation: You are dopey. (Int -2) [potion of mutation]
  1749 | D:2      | Lost mutation: You have sharp toenails. [potion of
                  | mutation]
  1749 | D:2      | Gained mutation: You are partially covered in iridescent
                  | scales. (AC +2) [potion of mutation]
  1749 | D:2      | Gained mutation: You expend magic power (3 MP) to
                  | strengthen your wands. [potion of mutation]
  1749 | D:2      | Gained mutation: You have hidden genetic potential. [potion
                  | of mutation]
  1749 | D:2      | Gained mutation: You possess an exceptional clarity of
                  | mind. [potion of mutation]
  2334 | D:3      | Reached XP level 4. HP: 12/24 MP: 8/12
  2554 | D:3      | Found a faded altar of an unknown god.
  2768 | D:3      | Slain by a gnoll

Illustrated notes

Levels and vault maps discovered:
D:1:      lightli_arrival_farm, layout_basic, serial_shops,
          nicolae_shop_behind_doors, minmay_gold_behind_fungi, dk_noncrumbling_4
D:2:      layout_basic
D:3:      layout_basic, serial_aquarium, aquarium_bridge_straight
          [aquarium_subvault_bridge, aquarium_subvault_wall,
          aquarium_subvault_bridge, aquarium_subvault_wall],
          aquarium_bridge_square [aquarium_subvault_wall,
          aquarium_subvault_wall, aquarium_subvault_wall,
          aquarium_subvault_bridge], aquarium_window_2, aquarium_window_fake,
          aquarium_window_fake, aquarium_window_corridor_1, aquarium_view_2a,
          basic_ecumenical_altar, minmay_joined_circles

Skill      XL: |  1  2  3  4 |
---------------+-------------+-----
Fire Magic     | 4 |  4.7
Spellcasting   | 4 |  4.4
Stealth        | 3 |  3.0
Dodging        | |  2.8
Conjurations   | |  1.8

Action                   |  1- 3 |  4- 6 || total
-------------------------+-------+-------++-------
Melee: Unarmed           |    11 |       ||    11
       Trident           |       |    20 ||    20
 Cast: Foxfire           |    58 |     2 ||    60
       Scorch            |    11 |     3 ||    14
  Use: Scroll            |     5 |       ||     5
       Potion            |     4 |     1 ||     5
 Stab: Sleeping          |       |     2 ||     2
Armor: Robe              |     8 |     6 ||    14
Dodge: Dodged            |    11 |    29 ||    40
